 Dungeon Crawl Stone Soup version 0.29-a0-389-gd8082fcd2d (webtiles) character file.

Game seed: 5253211613174169725

51 Gargoyl the Skirmisher (level 3, -1/24 HPs)
             Began as a Gargoyle Berserker on May 8, 2022.
             Was a Follower of Trog.
             Slain by a worm (3 damage)
             ... on level 2 of the Dungeon.
             The game lasted 00:01:40 (1565 turns).

Gargoyl the Skirmisher (Gargoyle Berserker)         Turns: 1565, Time: 00:01:40

Health: -1/24      AC: 12    Str: 18 (20) XL:     3   Next: 81%
Magic:  0/3        EV:  7    Int:  6 (7)  God:    Trog [*.....]
Gold:   12         SH:  0    Dex:  8 (11) Spells: 2/2 levels left

rFire   + . .      SeeInvis .   a - +0 hand axe
rCold   + . .      Faith    .   (no shield)
rNeg    + . .      Spirit   +   h - +0 chain mail
rPois   ∞          Reflect  .   (no helmet)
rElec   +          Harm     .   (no cloak)
rCorr   +          Rampage  .   (no gloves)
Will    .....                   (no boots)
Stlth   ..........              d - amulet of guardian spirit
HPRegen 0.08/turn               (no ring)
MPRegen 0.08/turn               (no ring)

@: resistant, on berserk cooldown, slowed, very slow
A: sickness immunity, AC +3, negative energy resistance 1, electricity
resistance, torment resistance 1, petrification resistance
a: Renounce Religion, Berserk


You were on level 2 of the Dungeon.
You worshipped Trog.
Trog was aware of your devotion.
You visited 1 branch of the dungeon, and saw 2 of its levels.

You collected 12 gold pieces.

Inventory:

Hand Weapons
 a - a +0 hand axe (weapon)
Missiles
 b - 3 poisoned darts (quivered)
Armour
 h - a +0 chain mail (worn)
Jewellery
 d - an amulet of guardian spirit (around neck)
Scrolls
 f - a scroll of identify {unknown}
 i - a scroll of acquirement {unknown}
Potions
 g - a potion of degeneration


   Skills:
 + Level 3.9 Fighting
 + Level 3.2 Axes
 + Level 2.9 Armour
 + Level 1.8 Dodging
 + Level 0.6 Stealth


You had 2 spell levels left.
You didn't know any spells.
Your spell library was empty.

Dungeon Overview and Level Annotations

Branches:
Dungeon (2/15)

Altars:
Makhleb


Innate Abilities, Weirdness & Mutations

You are immune to sickness and miasma.
Your stone body is resilient. (AC +3)
You are immune to poison.
You resist negative energy. (rN+)
You are resistant to electric shocks. (rElec)
You are resistant to unholy torment.
You are immune to petrification.


Message History

You hit the worm.
The worm is moderately wounded.
You hit the goblin.
You kill the goblin!
Trog accepts your kill. The worm bites you but does no damage.
Unknown command.
Okay, then.
It was a potion of resistance.
You feel protected. The worm closely misses you.
It was a potion of curing.
You feel better. The worm bites you but does no damage.
You hit the worm.
The worm is lightly wounded.
The worm bites you but does no damage.
You barely miss the worm.
The worm is lightly wounded.
The worm bites you.
* * * LOW HITPOINT WARNING * * *
You hit the worm.
The worm is lightly wounded.
The worm bites you but does no damage.
It was a potion of degeneration.
There was something very wrong with that liquid.
You feel weakened.
You feel dopey.
You feel clumsy.
You barely miss the worm.
The worm is lightly wounded.
The worm barely misses you. x2
You hit the worm but do no damage. The worm barely misses you.
You hit the worm but do no damage. The worm bites you!
* * * LOW HITPOINT WARNING * * *
You barely miss the worm. The worm barely misses you.
You hit the worm.
The worm is lightly wounded.
The worm barely misses you.
You hit the worm.
The worm is moderately wounded.
The worm bites you.
You die...

## ### . ..# .# #.#
####.#### # ####.#
#.......# #.
##.##.###.......#
##.###.....)##w......#
...........).)@.......
#.#.......###)......#
#..........##........
#.......##.........
##......# .##......
##...#.##. #.####
##.##.##. .# #.##.##.
.# #.##.. .#


You could see a worm.

Vanquished Creatures
  Robin (D:2)
  A worm (D:2)
  An endoplasm (D:1)
  3 giant cockroaches (D:1)
  12 goblins (D:2)
  2 hobgoblins (D:2)
  4 jackals (D:2)
  2 bats
  2 frilled lizards
  4 kobolds
  2 rats (D:2)
34 creatures vanquished.

Notes
Turn   | Place    | Note
-------+----------+-------------------------------------------
     0 | D:1      | Gargoyl the Gargoyle Berserker began the quest for the Orb.
     0 | D:1      | Reached XP level 1. HP: 14/14 MP: 1/1
   625 | D:1      | Found a faded altar of an unknown god.
   694 | D:1      | Reached XP level 2. HP: 19/19 MP: 2/2
  1070 | D:2      | Found a burning altar of Makhleb.
  1432 | D:2      | Reached XP level 3. HP: 20/24 MP: 0/3
  1524 | D:2      | Noticed Robin
  1548 | D:2      | Killed Robin
  1562 | D:2      | HP: 1/24 [worm (6)]
  1565 | D:2      | Slain by a worm

Illustrated notes

Levels and vault maps discovered:
D:1:      spicycebolla_arrival_transporter_tutorial, layout_loops_ring,
          shapermc_ecumenical_altar_venn
D:2:      layout_loops_ring, basic_altar, uniq_robin

Skill      XL: |  1  2  3 |
---------------+----------+-----
Axes           | 3 |  3.2
Fighting       | |  3.9
Armour         | |  2.9
Dodging        | |  1.8
Stealth        | |  0.6

Action                   || total
-------------------------++-------
Melee: Hand axe          ||   116
       Punch             ||     1
Invok: Berserk           ||     1
  Use: Scroll            ||     1
       Potion            ||     3
Armor: Ring mail         ||    15
       Animal skin       ||     3
       Chain mail        ||    67
Dodge: Dodged            ||    57

Table legend: (Time is in decaauts)
 A = Elapsed time spent in this place.
 B = Non-inter-level travel time spent in this place.
 C = Inter-level travel time spent in this place.
 D = Time resting spent in this place.
 E = Time spent auto-exploring this place.
 F = Levels seen in this place.
 G = Mean time per level.
                   A        B        C        D        E       F      G
               +--------+--------+--------+--------+--------+-----+--------+
         Total |   1582 |   1524 |     58 |      0 |   1180 |   2 |  791.0 |
       Dungeon |   1582 |   1524 |     58 |      0 |   1180 |   2 |  791.0 |
               +--------+--------+--------+--------+--------+-----+--------+

Top non-repeatable levels by time:
     D:1: 922 daAuts
     D:2: 659 daAuts
